 Dungeon Crawl Stone Soup version 0.23.2-33-g5129a83184 (webtiles) character file.

Game seed: 12850712465161112005

1640 Derp the Slasher (level 8, -1/62 HPs)
             Began as a Demonspawn Abyssal Knight on July 16, 2019.
             Was an Elder of Lugonu.
             Slain by a killer bee (6 damage)
             ... on level 7 of the Dungeon.
             The game lasted 00:24:24 (6147 turns).

Derp the Slasher (Demonspawn Abyssal Knight)        Turns: 6147, Time: 00:24:25

Health: -1/62      AC: 19    Str: 14    XL:     8   Next: 66%
Magic:  10/10      EV:  6    Int: 13    God:    Lugonu [****..]
Gold:   86         SH:  5    Dex: 14    Spells: 7/7 levels left

rFire    + . .     SeeInvis .   A - +6 falchion (protect)
rCold    . . .     Gourm    .   i - +2 buckler
rNeg     . . .     Faith    .   k - +0 chain mail
rPois    .         Spirit   .   (helmet restricted)
rElec    .         Reflect  .   (no cloak)
rCorr    .         Harm     .   l - +1 pair of gloves
MR       .....                  (no boots)
Stlth    ..........             (no amulet)
HPRegen  0.20/turn              h - ring of protection from fire
MPRegen  0.12/turn              (no ring)

@: lethally poisoned (-1 -> -3), protection aura, flying
A: horns 2, foul stench 1, rot immunity
a: Depart the Abyss, Bend Space, Banish, Corrupt, Renounce Religion


You were on level 7 of the Dungeon.
You worshipped Lugonu.
Lugonu was greatly pleased with you.
You were not hungry.

You visited 2 branches of the dungeon, and saw 8 of its levels.
You visited the Abyss 1 time.

You collected 218 gold pieces.
You spent 132 gold pieces at shops.

Inventory:

Hand Weapons
 a - a +2 falchion
 A - a +6 falchion of protection (weapon)
Armour
 i - a +2 buckler (worn)
 k - a +0 chain mail (worn)
 l - a +1 pair of gloves (worn)
 t - a +0 pair of gloves
 v - a +0 helmet
 z - a +0 ring mail of fire resistance
Jewellery
 b - an uncursed ring of stealth {unknown}
 h - a ring of protection from fire (left hand)
 j - a +5 ring of strength {unknown}
 y - a +2 ring of evasion {unknown}
Scrolls
 d - a scroll of amnesia
 m - 2 scrolls of enchant armour
 n - 4 scrolls of teleportation
 r - a scroll of blinking
 w - 2 scrolls of fog
 x - a scroll of remove curse
Potions
 e - a potion of lignification {unknown}
 f - 2 potions of berserk rage
 g - a potion of brilliance {unknown}
 o - 2 potions of ambrosia {unknown}
 p - 2 potions of flight
 q - a potion of heal wounds {unknown}
 s - a potion of might {unknown}
 u - 2 potions of curing
Comestibles
 c - 3 rations


   Skills:
 + Level 5.3 Fighting
 + Level 7.3 Long Blades
 + Level 5.1 Armour
 + Level 2.6 Dodging
 + Level 1.6 Stealth
 + Level 0.2 Shields
 + Level 2.7 Invocations


You had 7 spell levels left.
You didn't know any spells.
Your spell library contained the following spells:

 Spells                   Type           Power        Failure   Level  Hunger
 Freeze                   Ice            #...         100%        1    ##.....
 Throw Frost              Conj/Ice       #.....       100%        2    ###....
 Ozocubu's Armour         Chrm/Ice       #.......     100%        3    ####...
 Summon Ice Beast         Ice/Summ       #.......     100%        4    #####..
 Throw Icicle             Conj/Ice       #.......     100%        4    #####..


Dungeon Overview and Level Annotations

Branches:
Dungeon (7/15)             Temple (1/1) D:4

Altars:
Cheibriados
Dithmenos
Elyvilon
Fedhas
Gozag
Hepliaklqana
Nemelex Xobeh
Okawaru
Qazlal
Ru
Sif Muna
Uskayaw
Wu Jian
Xom
Yredelemnul
Zin
The Shining One

Shops:
D:5 *


Innate Abilities, Weirdness & Mutations

You have a pair of horns on your head.
You may emit foul miasma when damaged in melee.
You are immune to rotting.


Message History

The killer bee is heavily wounded.
You feel sick.
The killer bee stings you but does no damage.
You block the killer bee's attack.
Unknown command.
You completely miss the killer bee.
The killer bee is heavily wounded.
The killer bee stings you but does no damage.
The killer bee closely misses you.
You riposte.
You hit the killer bee but do no damage.
The killer bee is heavily wounded.
You hit the killer bee but do no damage.
Your headbutt misses the killer bee.
The killer bee is heavily wounded.
You feel sick. The killer bee stings you.
* * * LOW HITPOINT WARNING * * *
You miss the killer bee.
The killer bee is heavily wounded.
The killer bee stings you.
You die...

#..####.####.###.....#.###.<
#..##.....##.##.........>...
#..#.......#.##......###.##.
#..#.......#.##......#
#......_......#..#.###
#..#.......#........#
#..#.......#.##..###....
#..##.....##.##y## #.##
##.####.####.##@# .#
#..............# #
######.......#.......
###########...## ####


You could see a killer bee.

Vanquished Creatures
  Menkaure (D:6)
  Duvessa (D:7)
  A water moccasin (D:6)
  An ice beast (D:6)
  An ogre (D:6)
  2 centaurs
  Dowan (D:7)
  A scorpion (D:6)
  5 killer bees (D:7)
  2 crimson imps (D:7)
  An orc priest (D:5)
  A hound (D:4)
  4 orc wizards
  2 worker ants
  Natasha (thrice) (D:2)
  A killer bee zombie (D:5)
  4 gnolls (D:5)
  11 adders
  An ooze (D:1)
  3 worms
  3 dart slugs
  3 leopard geckos
  12 orcs
  4 giant cockroaches
  12 goblins
  11 hobgoblins
  15 jackals
  6 kobolds
  5 quokkas
  11 bats
  6 frilled lizards
  A jackal skeleton (D:5)
  10 rats
146 creatures vanquished.

Notes
Turn   | Place    | Note
-------+----------+-------------------------------------------
     0 | Abyss:1  | Derp the Demonspawn Abyssal Knight began the quest for the
                  | Orb.
     0 | Abyss:1  | Reached XP level 1. HP: 18/18 MP: 2/2
    31 | D:1      | Escaped the Abyss
    73 | D:1      | Reached * piety under Lugonu
   171 | D:1      | Gained mutation: You have a pair of small horns on your
                  | head. [demonic ancestry]
   171 | D:1      | Reached XP level 2. HP: 11/24 MP: 3/3
   440 | D:1      | Reached skill level 1 in Dodging
   452 | D:1      | Reached skill level 2 in Long Blades
   556 | D:1      | Gained mutation: You are immune to rotting. [demonic
                  | ancestry]
   556 | D:1      | Reached XP level 3. HP: 20/29 MP: 5/5
  1077 | D:2      | Found a snail-covered altar of Cheibriados.
  1092 | D:2      | Found a white marble altar of Elyvilon.
  1112 | D:2      | Found a faded altar of an unknown god.
  1128 | D:2      | Noticed Natasha
  1157 | D:2      | Killed Natasha
  1157 | D:2      | Gained mutation: You have a pair of horns on your head.
                  | [demonic ancestry]
  1157 | D:2      | Reached XP level 4. HP: 25/37 MP: 6/6
  1189 | D:2      | Reached ** piety under Lugonu
  1449 | D:2      | Noticed Natasha
  1458 | D:2      | Killed Natasha
  1470 | D:2      | Noticed Natasha
  1478 | D:2      | Killed Natasha
  1478 | D:2      | Reached skill level 3 in Long Blades
  1478 | D:2      | Reached XP level 5. HP: 29/42 MP: 7/7
  1824 | D:3      | Found a sparkling altar of Nemelex Xobeh.
  2317 | D:3      | Reached *** piety under Lugonu
  2508 | D:4      | Found a staircase to the Ecumenical Temple.
  2562 | D:4      | Found a shimmering altar of Xom.
  2686 | D:4      | Noticed a centaur
  2700 | D:3      | HP: 2/42 [poisoned by an adder]
  2909 | D:4      | Found a shadowy altar of Dithmenos.
  2914 | D:4      | Reached XP level 6. HP: 28/48 MP: 8/8
  3080 | D:4      | Reached skill level 4 in Long Blades
  3727 | Temple   | Entered the Ecumenical Temple
  3833 | D:5      | Entered Level 5 of the Dungeon
  4013 | D:5      | Gained mutation: You may emit foul miasma when damaged in
                  | melee. [demonic ancestry]
  4013 | D:5      | Reached XP level 7. HP: 49/55 MP: 9/9
  4050 | D:5      | Found a sacrificial altar of Ru.
  4090 | D:5      | Reached skill level 1 in Stealth
  4161 | D:5      | Reached skill level 5 in Long Blades
  4227 | D:5      | Found Qyigry's Assorted Antiques.
  4231 | D:5      | Bought a glowing falchion for 132 gold pieces
  4489 | D:6      | Reached **** piety under Lugonu
  4544 | D:6      | Found an iron altar of Okawaru.
  4882 | D:6      | Noticed Menkaure
  4968 | D:6      | Killed Menkaure
  4968 | D:6      | Reached XP level 8. HP: 29/61 MP: 10/10
  5195 | D:6      | Reached skill level 6 in Long Blades
  5664 | D:7      | Noticed Duvessa
  5664 | D:7      | Noticed Dowan
  5676 | D:7      | Killed Duvessa
  5676 | D:7      | Reached skill level 5 in Fighting
  5680 | D:7      | Killed Dowan
  5680 | D:7      | Reached skill level 5 in Armour
  6040 | D:7      | Found an ornate altar of the Wu Jian Council.
  6117 | D:7      | Reached skill level 7 in Long Blades
  6147 | D:7      | Slain by a killer bee

Skill      XL: |  1  2  3  4  5  6  7  8 |
---------------+-------------------------+-----
Armour         | 2 3 4 5 |  5.1
Dodging        | 1 2 |  2.6
Long Blades    | 2 3 4 5 7 |  7.3
Fighting       | 4 5 |  5.3
Stealth        | 1 |  1.6
Shields        | |  0.2
Invocations    | |  2.7

Action                   |  1- 3 |  4- 6 |  7- 9 || total
-------------------------+-------+-------+-------++-------
Melee: Falchion          |    85 |   259 |   156 ||   500
       Headbutt          |     5 |    44 |    23 ||    72
Invok: Depart the Abyss  |     1 |       |       ||     1
  Use: Scroll            |     9 |     4 |     5 ||    18
       Potion            |       |     3 |     2 ||     5
 Stab: Fleeing           |       |     2 |       ||     2
       Paralysed         |       |       |     2 ||     2
  Eat: Ration            |     1 |     2 |     2 ||     5
       Chunk             |       |     1 |       ||     1
Armor: Leather armour    |    24 |       |       ||    24
       Chain mail        |    14 |   202 |   114 ||   330
Dodge: Dodged            |    62 |   107 |    56 ||   225
Block: Buckler           |       |       |    30 ||    30
       Rpst.: Falchion   |    19 |    36 |    17 ||    72
